AoeStats
← Carple

Arena

505771213Analyzed
1v1 RM · 22d ago on Sep 11, 2026· 16m 56s· 2 players
Game mode
Random Map
Map size
Tiny (2 player)
Population
200
Speed
Normal
Resources
Standard
Victory
Conquest
Starting age
Dark Age
Ending age
Imperial Age
RankedLock teamsTeams togetherTeam positionsShared explorationLock speedFull tech treeHidden civsTurbo modeCheats
Victory
Defeat
🇨🇦 Cumans · Canada
1344
+13
🇨🇦 Spanish · Canada
1267
-13
lilderag
7:17 Loom
9:57 Feudal Age
12:01 Fletching
12:11 Padded Archer Armor
Carple
10:15 Feudal Age
9:42 Loom
11:33 Man-at-Arms
12:53 Arson
13:24 Forging
13:15 Scale Mail Armor
Connection lost

Rejoining the realm…

Still unreachable

The connection could not be restored.

Session expired

The server has moved on; the page needs a fresh start.